 Dungeon Crawl Stone Soup version 0.29.1-2-gbd0b4ee654 (webtiles) character file.

Game seed: 6917319198921822335

2723 qeuew the Shield-Bearer (level 9, 0/47 HPs)
             Began as a Vine Stalker Fighter on Nov 8, 2022.
             Was an Initiate of Gozag.
             Slain by a lemure (6 damage)
             ... led by Pikel
             ... on level 7 of the Dungeon.
             The game lasted 00:08:30 (5515 turns).

qeuew the Shield-Bearer (Vine Stalker Fighter)      Turns: 5515, Time: 00:08:30

Health: 0/47       AC:  7    Str: 25    XL:     9   Next: 67%
Magic:  0/17       EV: 12    Int:  8    God:    Gozag
Gold:   342        SH: 12    Dex: 18    Spells: 18/18 levels left

rFire   + . .      SeeInvis .   a - +1 war axe
rCold   + . .      Faith    .   c - +1 buckler
rNeg    . . .      Spirit   +   b - +0 scale mail
rPois   .          Reflect  +   (no helmet)
rElec   .          Harm     .   l - scarf {rC+ rF+}
rCorr   .          Rampage  .   (no gloves)
Will    ++...                   (no boots)
Stlth   ..........              d - amulet of the Demon Prince {Reflect +Inv SH+5}
HPRegen 0.95/turn               g - ring of willpower
MPRegen 0.15/turn               j - +6 ring of strength

@: about to teleport, unable to drink
A: fangs 3, regeneration 1, magic shield, antimagic bite, no potion heal 2,
inability to drink after injury 1
a: Renounce Religion, Evoke Invisibility, Potion Petition, Call Merchant, Bribe
Branch


You were on level 7 of the Dungeon.
You worshipped Gozag.
Gozag was aware of your devotion.
You visited 2 branches of the dungeon, and saw 8 of its levels.

You collected 456 gold pieces.
You paid 114 gold pieces to Gozag.

Inventory:

Hand Weapons
 a - a +1 war axe (weapon)
Armour
 b - a +0 scale mail (worn)
 c - a +1 buckler (worn)
 l - a scarf of resistance (worn)
Jewellery
 d - the amulet of the Demon Prince (around neck) {Reflect +Inv SH+5}
   (You found it on level 5 of the Dungeon)

   [amulet of reflection]

   It reflects blocked missile attacks.
   +Inv:      It lets you turn invisible.
   SH:        It affects your SH (+5).
 g - a ring of willpower (left hand)
 j - a +6 ring of strength (right hand)
 p - a +4 ring of slaying
Wands
 m - a wand of paralysis (18)
 o - a wand of digging (2)
 s - a wand of flame (14)
Scrolls
 i - 3 scrolls of teleportation
 n - a scroll of acquirement
Potions
 e - a potion of curing
 h - a potion of berserk rage
 t - a potion of magic


   Skills:
 + Level 5.5 Fighting
 + Level 5.0 Axes
 + Level 4.9 Armour
 + Level 4.2 Dodging
 + Level 5.5 Shields
 + Level 5.1 Spellcasting


You had 18 spell levels left.
You didn't know any spells.
Your spell library contained the following spells:

 Spells                   Type           Power      Damage    Failure   Level
 Magic Dart               Conj           8%         1d3       58%         1
 Sting                    Tmut/Pois      8%         1d3       58%         1
 Blink                    Tloc           4%         N/A       75%         2
 Call Imp                 Summ           2%         N/A       75%         2
 Poisonous Vapours        Pois/Air       4%         N/A       75%         2
 Scorch                   Fire           4%         2d5       75%         2
 Mephitic Cloud           Conj/Pois/Air  2%         N/A       92%         3
 Ozocubu's Armour         Ice            2%         N/A       92%         3
 Summon Guardian Golem    Hex/Summ       2%         N/A       92%         3
 Tukima's Dance           Hex            2%         N/A       92%         3
 Dispel Undead            Necr           2%         3d7       100%        4
 Flame Wave               Conj/Fire      2%         2d4       100%        4
 Olgreb's Toxic Radiance  Pois           2%         N/A       100%        4
 Passage of Golubria      Tloc           2%         N/A       100%        4
 Manifold Assault         Tloc           2%         N/A       100%        5
 Metabolic Englaciation   Hex/Ice        1%         N/A       100%        5
 Yara's Violent Unravell  Hex/Tmut       1%         3d3       100%        5
 Death Channel            Necr           1%         N/A       100%        6
 Summon Cactus Giant      Summ           1%         N/A       100%        6
 Haunt                    Necr/Summ      1%         N/A       100%        7
 Orb of Destruction       Conj           1%         9d5       100%        7
 Spellforged Servitor     Conj/Summ      1%         N/A       100%        7
 Storm Form               Tmut/Air       1%         N/A       100%        7
 Infestation              Necr           1%         N/A       100%        8
 Animate Dead             Necr           Unusable   N/A       N/A         4
 Corpse Rot               Necr/Pois/Air  Unusable   N/A       N/A         4
 Simulacrum               Ice/Necr       Unusable   N/A       N/A         6

Dungeon Overview and Level Annotations

Branches:
Dungeon (7/15)             Temple (1/1) D:6

Altars:
Cheibriados
Elyvilon
Gozag
Kikubaaqudgha
Okawaru
Uskayaw
Vehumet
Zin
The Shining One

Shops:
D:5 :   D:6 *!!

Annotations:
D:5 2 runed translucent doors
D:7 Pikel


Innate Abilities, Weirdness & Mutations

You have razor-sharp teeth.
Your natural rate of healing is unusually fast.
When hurt, damage is shared between your health and your magic reserves.
Your bite disrupts and absorbs the magic of your enemies.
Potions cannot restore your health.
You occasionally lose the ability to drink potions when taking damage.


Message History

Pikel burns you. You block the lemure's attack. The lemure barely misses you.
The hound bites you but does no damage.
Pikel hits you with a +2 whip of flaming!
You feel threatened and lose the ability to drink potions!
* * * LOW HITPOINT WARNING * * *
Pikel burns you.
* * * LOW HITPOINT WARNING * * *
You miss Pikel.
Pikel is heavily wounded.
You hit the hound.
You hit the lemure. x2; You block the hound's attack.
The lemure splashes around in the water.
The lemure hits you.
* * * LOW HITPOINT WARNING * * *
Pikel says, "You'll burn in Gehenna!"
Pikel hits you with a +2 whip of flaming.
* * * LOW HITPOINT WARNING * * *
Pikel burns you. You block the hound's attack.
Unknown command.
You block the lemure's attack.
As you read the scroll of summoning, it crumbles to dust.
Wisps of shadow whirl around you...
The lemure splashes around in the water.
You block the lemure's attack. Something barely misses your white imp.
Something hits your white imp. Something burns your white imp.
Unknown command.
The lemure attacks as you move away! You block the lemure's attack.
You can drink potions again.
Something barely misses your white imp. Something hits your white imp!
Something burns your white imp.
Your white imp dies!
Your white imp dissolves into shadows!
As you read the scroll of teleportation, it crumbles to dust.
You feel strangely unstable.
The lemure splashes around in the water.
The lemure attacks as you move away! The lemure hits you!
You feel threatened and lose the ability to drink potions!
* * * LOW HITPOINT WARNING * * *
The lemure attacks as you move away! The lemure hits you!
You die...
Your body crumbles into a pile of gold.

########## #.# #..#.
.........###.###.##. #
####.....[......#.. ..
#....###...>.###
...#+#######.#+##....#.....
##.............##.#.)#..###
.........###...##.#..#.....
##........#...##.#.....###
#.....##@#...##.#.....#
##......55............#
..........h~~~~~~≈.#....#
##########.≈≈####≈.####.#
#5~≈# #~. #.# $ #..K~≈+ #≈.
#.# ......~~+ ...
####...~≈+ #.#.~≈#


You could see Pikel, 3 lemures and a hound.

Vanquished Creatures
  A two-headed ogre (D:5)
  Grinder (D:3)
  Sigmund (D:3)
  A yak (D:5)
  A vampire mosquito (D:5)
  A water moccasin (D:5)
  2 orc warriors (D:5)
  2 ogres
  A centaur (D:6)
  A lemure (D:7)
  Blork the orc (D:5)
  3 bullfrogs
  A necrophage (D:6)
  A scorpion (D:5)
  A howler monkey (D:7)
  2 hounds
  2 orc priests
  An iguana (D:5)
  Terence (D:2)
  3 orc wizards
  Robin (D:3)
  8 gnolls
  9 adders
  2 worms
  2 dart slugs
  21 orcs
  9 ball pythons
  4 bats
  8 endoplasms
  A giant cockroach (D:3)
  14 goblins
  13 hobgoblins
  2 jackals (D:1)
  5 quokkas
  2 frilled lizards (D:1)
  8 kobolds
137 creatures vanquished.

Notes
Turn   | Place    | Note
-------+----------+-------------------------------------------
     0 | D:1      | qeuew the Vine Stalker Fighter began the quest for the Orb.
     0 | D:1      | Reached XP level 1. HP: 11/11 MP: 2/2
   157 | D:1      | Reached XP level 2. HP: 16/16 MP: 3/3
   457 | D:1      | Reached XP level 3. HP: 19/19 MP: 5/5
   533 | D:1      | Reached skill level 1 in Spellcasting
   729 | D:2      | Noticed Terence
   735 | D:2      | Killed Terence
   736 | D:2      | Gained mutation: Your natural rate of healing is unusually
                  | fast. [Vine Stalker growth]
   736 | D:2      | Reached XP level 4. HP: 16/24 MP: 4/6
  1113 | D:2      | Reached skill level 1 in Dodging
  1147 | D:2      | Reached XP level 5. HP: 28/28 MP: 6/8
  1525 | D:2      | Found a faded altar of an unknown god.
  1707 | D:3      | Noticed Robin
  1728 | D:3      | Killed Robin
  2026 | D:3      | Noticed Grinder
  2028 | D:3      | Paralysed by Grinder for 5 turns
  2034 | D:3      | Paralysed by Grinder for 3 turns
  2043 | D:3      | Paralysed by Grinder for 5 turns
  2049 | D:3      | Killed Grinder
  2050 | D:3      | Reached XP level 6. HP: 12/32 MP: 2/10
  2347 | D:3      | Noticed Sigmund
  2362 | D:3      | Killed Sigmund
  2363 | D:3      | Reached XP level 7. HP: 23/37 MP: 10/12
  2383 | D:3      | Found a white marble altar of Elyvilon.
  2392 | D:3      | Gained mutation: You possess an exceptional clarity of
                  | mind. [potion of mutation]
  2392 | D:3      | Gained mutation: You are dopey. (Int -2) [potion of
                  | mutation]
  2392 | D:3      | Gained mutation: Your spells are a little harder to cast,
                  | but a little more powerful. [potion of mutation]
  2437 | D:4      | Lost mutation: You possess an exceptional clarity of mind.
                  | [potion of mutation]
  2437 | D:4      | Lost mutation: You are dopey. (Int -2) [potion of mutation]
  2437 | D:4      | Lost mutation: Your spells are a little harder to cast, but
                  | a little more powerful. [potion of mutation]
  2437 | D:4      | Gained mutation: You possess an exceptional clarity of
                  | mind. [potion of mutation]
  2437 | D:4      | Lost mutation: You possess an exceptional clarity of mind.
                  | [potion of mutation]
  2897 | D:4      | You fall into a shaft and drop 3 floors!
  2959 | D:7      | Found a glowing silver altar of Zin.
  3152 | D:6      | Found Zavaon's Distillery.
  3165 | D:5      | Entered Level 5 of the Dungeon
  3172 | D:5      | Gained mutation: You have razor-sharp teeth. [Vine Stalker
                  | growth]
  3172 | D:5      | Reached XP level 8. HP: 18/42 MP: 3/14
  3222 | D:5      | Identified the amulet of the Demon Prince {Reflect +Inv
                  | SH+5}
  3580 | D:4      | Identified a scroll of acquirement
  3625 | D:5      | Found a large runed translucent door.
  3626 | D:5      | Found a large runed translucent door.
  3680 | D:5      | Found a large runed translucent door.
  3680 | D:5      | Found a large runed translucent door.
  3686 | D:5      | Noticed a yak
  3782 | D:5      | Noticed Blork the orc
  3795 | D:5      | Killed Blork the orc
  3823 | D:5      | Found Fiwyust's Book Shop.
  3878 | D:5      | Noticed a two-headed ogre
  3889 | D:5      | Killed a two-headed ogre
  3890 | D:5      | Reached skill level 5 in Fighting
  3890 | D:5      | Reached skill level 5 in Shields
  3890 | D:5      | Reached XP level 9. HP: 8/47 MP: 2/16
  4223 | D:6      | Found a staircase to the Ecumenical Temple.
  4238 | Temple   | Entered the Ecumenical Temple
  4286 | Temple   | Became a worshipper of Gozag Ym Sagoz the Greedy
  4750 | D:6      | Found Pibbup's Assorted Antiques.
  4964 | D:6      | Reached skill level 5 in Spellcasting
  4967 | D:6      | Found Punef's Distillery.
  5234 | D:6      | Gained mutation: You occasionally lose the ability to drink
                  | potions when taking damage. [potion of mutation]
  5472 | D:7      | Reached skill level 5 in Axes
  5497 | D:7      | Noticed Pikel
  5515 | D:7      | Slain by a lemure

Illustrated notes

Levels and vault maps discovered:
D:1:      ncdulo_wetmaze, layout_basic
D:2:      layout_basic, shapermc_ecumenical_altar_mp_vishouse,
          uniq_crazy_yiuf_cottage, uniq_terence
D:3:      layout_loops_ring, mainiacjoe_overflow_brackets, uniq_grinder,
          uniq_robin, uniq_sigmund
D:4:      layout_basic
D:5:      layout_rooms, serial_shops, nicolae_shop_waterfront,
          minmay_hollow_rounded_squares, uniq_blork_the_orc
D:6:      layout_layer_cave, minmay_temple_entry_statues_pillars, serial_shops,
          shop, nicolae_shop_stone, nicolae_shop_statue_plus, chequers_arboretum
D:7:      layout_basic, zin_scriptorium, enter_bailey_4, uniq_pikel
Temple:   mainiacjoe_temple_bowtie_tessellation

Skill      XL: |  1  2  3  4  5  6  7  8  9 |
---------------+----------------------------+-----
Axes           | 2 3 4 5 |  5.0
Shields        | 3 4 5 |  5.5
Spellcasting   | 1 2 3 4 5 |  5.1
Fighting       | 3 4 5 |  5.5
Dodging        | 1 2 3 4 |  4.2
Armour         | 3 4 |  4.9

Action                   |  1- 3 |  4- 6 |  7- 9 || total
-------------------------+-------+-------+-------++-------
Melee: War axe           |    67 |    94 |   206 ||   367
       Bite              |    13 |    19 |    65 ||    97
  Use: Potion            |     2 |     2 |     8 ||    12
       Scroll            |     2 |     2 |    10 ||    14
Armor: Scale mail        |    36 |    32 |    56 ||   124
Dodge: Dodged            |    24 |    38 |   104 ||   166
Block: Buckler           |    20 |    23 |   131 ||   174
       Reflection        |       |       |     3 ||     3
